 Dungeon Crawl Stone Soup version 0.29-a0-451-gfbfa42419e (webtiles) character file.

Game seed: 5015997869270553685

11515 jfcaron the Archer (level 11, -12/94 HPs)
             Began as a Yellow Draconian Hunter on May 19, 2022.
             Was a High Priest of Kikubaaqudgha.
             Mangled by Urug
             ... wielding a +6 war axe of freezing
              (13 damage)
             ... on level 10 of the Dungeon.
             The game lasted 00:44:46 (13512 turns).

jfcaron the Archer (Yellow Draconian Hunter)       Turns: 13512, Time: 00:44:47

Health: -12/94     AC: 11    Str: 14    XL:     11   Next: 50%
Magic:  15/15      EV: 16    Int: 10    God:    Kikubaaqudgha [*****.]
Gold:   391        SH:  0    Dex: 18    Spells: 8/16 levels left

rFire   + + .      SeeInvis .   F - +4 dagger
rCold   . . .      Faith    .   (no shield)
rNeg    . . .      Spirit   .   (body armour unavailable)
rPois   .          Reflect  .   V - +2 hat
rElec   .          Harm     .   b - +0 cloak
rCorr   +          Rampage  .   (no gloves)
Will    .....                   C - +0 pair of boots
Stlth   ++++......              j - amulet of the acrobat
HPRegen 0.25/turn               M - ring of protection from fire
MPRegen 0.14/turn               B - ring of protection from fire

@: short of breath
A: spit acid, AC +7, unfitting armour, cold-blooded, acid resistance
a: Breathe Acid, Renounce Religion, Unearth Wretches, Torment


You were on level 10 of the Dungeon.
You worshipped Kikubaaqudgha.
Kikubaaqudgha was extremely pleased with you.
You visited 1 branch of the dungeon, and saw 10 of its levels.
You also visited: Ossuary.

You collected 670 gold pieces.
You spent 279 gold pieces at shops.

Inventory:

Hand Weapons
 a - a +1 shortbow of freezing
 F - a +4 dagger (weapon)
 O - a +0 demon whip of venom
 U - a +2 dagger of venom
Missiles
 d - 447 stones
 i - 2 boomerangs
 k - 3 javelins
 q - 7 poisoned darts
Armour
 b - a +0 cloak (worn)
 y - a +0 buckler
 C - a +0 pair of boots (worn)
 V - a +2 hat (worn)
 W - a scarf of invisibility
Jewellery
 j - an amulet of the acrobat (around neck)
 B - a ring of protection from fire (right hand)
 D - a ring of ice
 H - a +4 ring of evasion
 M - a ring of protection from fire (left hand)
 Q - a ring of wizardry
 Y - an amulet of reflection
Wands
 t - a wand of paralysis (13)
 G - a wand of digging (11)
 J - a wand of iceblast (5)
 P - a wand of flame (19)
 S - a wand of acid (5)
Scrolls
 c - 3 scrolls of amnesia
 e - 2 scrolls of immolation
 l - a scroll of poison {unknown}
 m - 6 scrolls of teleportation
 p - 2 scrolls of magic mapping
 r - 3 scrolls of blinking
 s - 4 scrolls of noise {unknown}
 v - a scroll of fog {unknown}
 K - 2 scrolls of silence
 L - a scroll of summoning {unknown}
 N - a scroll of fear {unknown}
 R - 2 scrolls of enchant weapon {unknown}
 X - a scroll of torment {unknown}
Potions
 f - 2 potions of haste
 g - 6 potions of heal wounds
 h - 4 potions of attraction
 n - 3 potions of invisibility
 o - a potion of lignification
 u - 2 potions of resistance
 w - 2 potions of ambrosia
 x - 5 potions of might
 z - a potion of curing
 A - 3 potions of mutation
 E - a potion of flight {unknown}
 I - a potion of cancellation
 T - a potion of magic {unknown}


   Skills:
 + Level 8.2 Fighting
 * Level 9.7 Bows
 + Level 6.8 Dodging
 + Level 7.2 Stealth
 - Level 3.0 Spellcasting
 * Level 8.9 Necromancy


You had 8 spell levels left.
You knew the following spells:

 Your Spells              Type           Power      Damage    Failure   Level
a - Necrotize             Necr           76%        1d7       1%          1
b - Vampiric Draining     Necr           19%        2d7       2%          3
c - Animate Dead          Necr           19%        N/A       8%          4

Your spell library contained the following spells:

 Spells                   Type           Power      Damage    Failure   Level
 Sublimation of Blood     Necr           19%        N/A       1%          2
 Dispel Undead            Necr           19%        3d11      8%          4
 Agony                    Necr           19%        N/A       21%         5
 Freeze                   Ice            4%         1d3       28%         1
 Sandblast                Erth           2%         2d4       28%         1
 Passwall                 Tmut/Erth      0%         N/A       38%         2
 Anguish                  Hex/Necr       5%         N/A       41%         4
 Frozen Ramparts          Ice            2%         1d2       63%         3
 Portal Projectile        Hex/Tloc       2%         N/A       63%         3
 Stone Arrow              Conj/Erth      2%         3d7       63%         3
 Tukima's Dance           Hex            1%         N/A       63%         3
 Corpse Rot               Necr/Pois/Air  7%         N/A       63%         4
 Borgnjor's Vile Clutch   Necr/Erth      5%         N/A       77%         5
 Hailstorm                Conj/Ice       1%         3d3       95%         4
 Ice Form                 Ice/Tmut       1%         N/A       95%         4
 Blade Hands              Tmut           0%         N/A       100%        5
 Simulacrum               Ice/Necr       5%         N/A       100%        6


Dungeon Overview and Level Annotations

Branches:
Dungeon (10/15)            Temple (0/1) D:6            Lair (0/6) D:9
    Orc (0/2) D:9         Ossuary (visited)

Altars:
Ashenzari
Elyvilon
Kikubaaqudgha
Ru
Trog
Yredelemnul
Zin

Shops:
D:7 *

Annotations:
D:10 Urug


Innate Abilities, Weirdness & Mutations

You can spit globs of acid.
Your golden yellow scales are hard. (AC +7)
You cannot fit into any form of body armour.
You are cold-blooded and may be slowed by cold attacks.
You are resistant to acid. (rCorr)


Message History

As you read the scroll of identify, it crumbles to dust.
z - a potion of curing
s - 4 scrolls labelled ZEDGHO GAEREL (gained 1)
You now have 391 gold pieces (gained 12).
You swap places.
Found a stone staircase leading down.
Urug the Orcish Ballista comes into view.
She is wielding a +6 war axe of freezing.
You see here a scroll labelled ESKIORPH RATIO.
Your +1 shortbow of freezing stops glowing.
F - a +4 dagger (weapon)
The helpless Urug fails to defend herself.
You impale Urug!! You tail-slap Urug, but do no damage.
Urug is moderately wounded.
Urug hits you with a +6 war axe of freezing!!
Urug freezes you.
Press: ? - help, Shift-Dir - straight line, f - Urug
Aim: Urug, wielding a +6 war axe of freezing, wearing a +0 chain mail and quivering javelins (moderately wounded, ally target, 60% to hit)
You spit a glob of acid.
The glob of acid misses Urug.
Urug hits you with a +6 war axe of freezing!
You feel yourself slow down. Urug freezes you.
Unknown command.
Aiming: Paralyse
Press: ? - help, Shift-Dir - straight line, f/p - Urug
Aim: Urug, wielding a +6 war axe of freezing, wearing a +0 chain mail and quivering javelins (moderately wounded, ally target, chance to affect: 31%) Urug easily resists.
Urug hits you with a +6 war axe of freezing!!
Urug freezes you!
Aiming: Paralyse
Press: ? - help, Shift-Dir - straight line, f/p - Urug
Aim: Urug, wielding a +6 war axe of freezing, wearing a +0 chain mail and quivering javelins (moderately wounded, ally target, chance to affect: 31%) Urug easily resists.
You feel yourself speed up. Urug misses you.
Urug hits your yak zombie with a +6 war axe of freezing!
Your yak zombie gores Urug.
Urug hits you with a +6 war axe of freezing!!
* * * LOW HITPOINT WARNING * * *
Urug freezes you!
You die...
Kikubaaqudgha rasps: "You have failed me!
Welcome... death!"

#### ####....#
#.@o.# #######ZZ..#
######.Z.?Z.....#
####....Z.#####.>.##
.....###### #..##
###### ####


You could see Urug (ally target), a friendly komodo dragon zombie and 2 friendly
yak zombies.

Vanquished Creatures
  Amaemon (D:7)
  Maurice (D:9)
  An orange demon (D:7)
  A komodo dragon (D:10)
  A kobold demonologist (D:10)
  Maggie (D:9)
  A troll (D:9)
  2 hornets (D:9)
  3 dream sheep (D:8)
  Sigmund (D:3)
  A spriggan (D:9)
  2 wyverns
  3 shadows
  22 yaks
  4 vampire mosquitoes (D:10)
  A steam dragon (D:9)
  2 orc warriors
  A black bear (D:6)
  An ice beast (D:5)
  2 centaurs
  A kobold brigand (D:9)
  3 phantoms
  An elf zombie (Ossuary)
  Blork the orc (D:5)
  4 bullfrogs
  A necrophage (D:7)
  3 scorpions
  A gnoll sergeant (D:8)
  The ghost of xian the Conjurer, an amateur FeCj (D:4)
  2 troll zombies (D:9)
  4 wights (D:6)
  2 yak zombies
  3 killer bees (D:9)
  7 howler monkeys
  3 vampire bats
  2 human zombies (Ossuary)
  Crazy Yiuf (D:2)
  6 orc priests
  2 hounds
  A jelly (D:6)
  A gnoll shaman (D:8)
  Jessica (D:3)
  Ijyb (D:5)
  3 orc wizards
  4 iguanas
  6 ogre zombies (D:9)
  2 hound zombies (Ossuary)
  4 mummies (Ossuary)
  A howler monkey zombie (D:8)
  10 gnolls
  7 adders
  A shadow imp (D:6)
  A white imp (D:7)
  3 adder zombies (Ossuary)
  2 dart slugs (D:1)
  29 orcs
  12 bats
  3 bat skeletons (D:3)
  3 bat zombies (D:3)
  5 endoplasms
  4 giant cockroaches
  2 gnoll zombies (D:6)
  16 goblins
  10 hobgoblins
  4 jackals (D:2)
  5 quokkas
  3 ball pythons
  8 frilled lizards
  A goblin skeleton (D:9)
  4 goblin zombies
  2 hobgoblin skeletons (D:9)
  5 hobgoblin zombies (D:9)
  12 kobolds
  4 kobold zombies
  5 orc skeletons (D:9)
  13 orc zombies
  5 rats
  2 plants (D:6)
305 creatures vanquished.

Notes
Turn   | Place    | Note
-------+----------+-------------------------------------------
     0 | D:1      | jfcaron the Draconian Hunter began the quest for the Orb.
     0 | D:1      | Reached XP level 1. HP: 17/17 MP: 1/1
    29 | D:1      | Reached skill level 1 in Stealth
    74 | D:1      | Reached XP level 2. HP: 25/25 MP: 2/2
   370 | D:1      | Reached XP level 3. HP: 30/30 MP: 3/3
   829 | D:2      | Found a faded altar of an unknown god.
  1293 | D:2      | Found a runed translucent door.
  1294 | D:2      | Noticed Crazy Yiuf
  1603 | D:3      | Reached skill level 4 in Bows
  1742 | D:2      | HP: 6/30 [poisoned by a kobold]
  2251 | D:3      | Reached XP level 4. HP: 29/38 MP: 4/4
  2457 | D:3      | Found an ancient bone altar of Kikubaaqudgha.
  2461 | D:3      | Reached XP level 5. HP: 45/45 MP: 5/5
  2504 | D:3      | Noticed Jessica
  2514 | D:3      | Killed Jessica
  2543 | D:3      | Noticed Sigmund
  3094 | D:4      | Found a white marble altar of Elyvilon.
  3173 | D:4      | Noticed a phantom
  3379 | D:4      | Noticed xian's ghost (amateur FeCj)
  3385 | D:4      | Found a runed translucent door.
  3401 | D:4      | Identified the +8 plate armour of Indecent Exposure {+Inv
                  | rPois Slay-5}
  3406 | D:4      | Reached XP level 6. HP: 52/52 MP: 6/6
  4102 | D:5      | Entered Level 5 of the Dungeon
  4144 | D:5      | Noticed Blork the orc
  4158 | D:5      | Killed Blork the orc
  4378 | D:5      | Reached skill level 5 in Bows
  4605 | D:5      | Your scales start taking on a golden yellow colour.
  4605 | D:5      | Reached XP level 7. HP: 37/60 MP: 7/7
  4605 | D:5      | Gained mutation: You are resistant to acid. (rCorr) [Yellow
                  | Draconian growth]
  4754 | D:5      | Learned a level 1 spell: Necrotize
  4848 | D:3      | Became a worshipper of Kikubaaqudgha
  5535 | D:5      | Noticed Ijyb
  5540 | D:5      | Paralysed by Ijyb for 4 turns
  5546 | D:5      | Killed Ijyb
  5611 | D:6      | Found a broken altar of Ashenzari.
  5615 | D:6      | Saw a vision of the Shoals and the Snake Pit.
  5615 | D:6      | Noticed a sea snake
  5615 | D:6      | Noticed a merfolk siren
  5615 | D:6      | Noticed a wind drake
  5615 | D:6      | Noticed a naga mage
  5615 | D:6      | Noticed a merfolk
  5615 | D:6      | Noticed a merfolk
  5615 | D:6      | Noticed a mana viper
  5615 | D:6      | Noticed a naga ritualist
  5615 | D:6      | Noticed a merfolk siren
  5616 | D:6      | Noticed a sea snake
  5616 | D:6      | Noticed a merfolk
  5616 | D:6      | Noticed a merfolk
  5616 | D:6      | Noticed a black mamba
  5617 | D:6      | Noticed a nagaraja
  5652 | D:6      | Reached skill level 1 in Necromancy
  5667 | D:6      | Found a sand-covered staircase.
  5675 | Ossuary  | Entered an ossuary
  6233 | Ossuary  | Reached skill level 1 in Spellcasting
  6296 | Ossuary  | Reached * piety under Kikubaaqudgha
  6296 | Ossuary  | Received a gift from Kikubaaqudgha
  6717 | D:6      | Found a basalt altar of Yredelemnul.
  6720 | D:6      | Found a glowing silver altar of Zin.
  6814 | D:6      | Reached skill level 5 in Fighting
  6814 | D:6      | Reached XP level 8. HP: 62/68 MP: 2/10
  6835 | D:6      | Found a bloodstained altar of Trog.
  6915 | D:6      | Found a staircase to the Ecumenical Temple.
  7072 | D:6      | Reached skill level 6 in Bows
  7093 | D:6      | Found a sacrificial altar of Ru.
  8190 | D:2      | Killed Crazy Yiuf
  8291 | D:3      | Killed Sigmund
  8484 | D:4      | Killed xian's ghost
  8674 | D:7      | Reached XP level 9. HP: 75/75 MP: 12/12
  8807 | D:7      | Reached ** piety under Kikubaaqudgha
  8861 | D:7      | Found Urroetz's General Store.
  8871 | D:7      | Bought a potion of lignification for 39 gold pieces
  8871 | D:7      | Bought a scroll of blinking for 97 gold pieces
  8871 | D:7      | Bought a wand of iceblast (7) for 143 gold pieces
  9131 | D:7      | Reached skill level 5 in Stealth
  9213 | D:7      | Reached skill level 7 in Bows
  9354 | D:8      | Noticed Amaemon
  9354 | D:8      | Noticed an orange demon
  9356 | D:8      | Paralysed by Amaemon for 2 turns
  9363 | D:7      | Killed an orange demon
  9364 | D:7      | Reached skill level 5 in Necromancy
  9434 | D:7      | Learned a level 3 spell: Vampiric Draining
  9551 | D:8      | Reached skill level 5 in Dodging
  9638 | D:7      | Paralysed by Amaemon for 2 turns
  9640 | D:7      | Killed Amaemon
 10420 | D:8      | Learned a level 4 spell: Animate Dead
 10565 | D:8      | Reached XP level 10. HP: 84/84 MP: 10/14
 10575 | D:8      | Reached skill level 8 in Bows
 10670 | D:9      | Noticed Maurice
 10685 | D:9      | Killed Maurice
 10799 | D:9      | Noticed Maggie
 10831 | D:9      | Killed Maggie
 10831 | D:9      | Reached *** piety under Kikubaaqudgha
 10831 | D:9      | Received a gift from Kikubaaqudgha
 11479 | D:9      | Reached **** piety under Kikubaaqudgha
 11604 | D:9      | Reached skill level 9 in Bows
 11611 | D:9      | Reached XP level 11. HP: 33/92 MP: 8/15
 11876 | D:9      | Paralysed by a hornet for 1 turns
 11883 | D:9      | Paralysed by a hornet for 2 turns
 12143 | D:9      | Found a staircase to the Lair.
 12340 | D:9      | Found a staircase to the Orcish Mines.
 12704 | D:10     | Entered Level 10 of the Dungeon
 13197 | D:10     | Reached ***** piety under Kikubaaqudgha
 13503 | D:10     | Noticed Urug
 13512 | D:10     | HP: 1/94 [Urug/+6 war axe of freezing (28)]
 13512 | D:10     | Mangled by Urug

Illustrated notes

Levels and vault maps discovered:
D:1:      onia_arrival_mini_spirals, layout_loops_cross
D:2:      layout_loops_ring, ebering_ecumenical_altar_hall,
          uniq_crazy_yiuf_cottage
D:3:      layout_basic, kennysheep_vampire_church, uniq_jessica, uniq_sigmund
D:4:      cheibrodos_greedy_goblins, layout_basic, elyvilon_altar_5,
          hellmonk_ghost_happy_afterlife, small_statue_alley_b
D:5:      nicolae_BIG_FREAKIN_CUBE, layout_basic, uniq_ijyb, uniq_blork_the_orc
D:6:      layout_loops_ring, trog_hazing_becter, nicolae_ru_path_of_blood,
          grunt_ashenzari_visionary [grunt_ashenzari_visionary_shoals,
          grunt_ashenzari_visionary_snake], nicolae_overflow_hidden_temple,
          minmay_temple_entry_overgrown, enter_ossuary_3, chequers_arboretum
D:7:      layout_loops_ring, serial_shops, nicolae_shop_waterfront,
          chequers_serial_rivers_marsh
D:8:      layout_rooms, dreamdust_gnoll_shepherd, uniq_amaemon
D:9:      layout_gridville, lair_entry_dummy, zombieorc2_lemuel, the_hattery,
          uniq_maggie, uniq_maurice
D:10:     layout_rooms, minmay_misc_feat_tower, roderic_batcave,
          nicolae_underground_beach, uniq_urug

Skill      XL: |  1  2  3  4  5  6  7  8  9 10 11 |
---------------+----------------------------------+-----
Stealth        | 1 2 3 4 5 6 7 |  7.2
Dodging        | 2 3 4 5 6 |  6.8
Bows           | 4 5 6 7 9 |  9.7
Fighting       | 3 4 5 6 7 8 |  8.2
Necromancy     | 2 4 6 7 8 |  8.9
Spellcasting   | 1 2 3 |  3.0

Action                   |  1- 3 |  4- 6 |  7- 9 | 10-12 || total
-------------------------+-------+-------+-------+-------++-------
Melee: Shortbow          |       |       |     1 |       ||     1
       Dagger            |       |       |     1 |     3 ||     4
       Tailslap          |       |       |       |     1 ||     1
 Fire: Shortbow          |   127 |   137 |   339 |   302 ||   905
Throw: Dart              |       |     5 |     1 |     6 ||    12
 Cast: Necrotize         |       |       |    28 |     2 ||    30
       Animate Dead      |       |       |     3 |     6 ||     9
 Abil: Breathe Acid      |       |       |    32 |    22 ||    54
Evoke: Wand              |       |       |     6 |     7 ||    13
  Use: Scroll            |       |     7 |    12 |     3 ||    22
 Stab: Sleeping          |       |       |     1 |     1 ||     2
       Paralysed         |       |       |       |     2 ||     2
Armor: Skin              |    13 |    33 |    52 |    76 ||   174
Dodge: Dodged            |    52 |   108 |   151 |   185 ||   496

Table legend: (Time is in decaauts)
 A = Elapsed time spent in this place.
 B = Non-inter-level travel time spent in this place.
 C = Inter-level travel time spent in this place.
 D = Time resting spent in this place.
 E = Time spent auto-exploring this place.
 F = Levels seen in this place.
 G = Mean time per level.
                   A        B        C        D        E       F      G
               +--------+--------+--------+--------+--------+-----+--------+
         Total |  13686 |  12415 |   1271 |   3476 |   6668 |  11 | 1244.2 |
       Dungeon |  12930 |  11659 |   1271 |   2988 |   6543 |  10 | 1293.0 |
       Ossuary |    755 |    755 |      0 |    488 |    125 |   1 |  755.0 |
               +--------+--------+--------+--------+--------+-----+--------+

Top non-repeatable levels by time:
     D:6: 1845 daAuts
     D:9: 1788 daAuts
     D:4: 1706 daAuts
     D:7: 1375 daAuts
     D:2: 1358 daAuts
     D:5: 1213 daAuts
     D:3: 1186 daAuts
     D:8: 842 daAuts
    D:10: 808 daAuts
     D:1: 806 daAuts
 Ossuary: 755 daAuts
